 Seeded DCSS version 0.25.1-8-g42b30a86e7 (webtiles) character file.

Game seed: 20201210 (custom seed)

217143 radhat240 the Severer (level 18, 0/173 HPs)
             Began as a Minotaur Fighter on Dec 15, 2020.
             Was the Champion of Makhleb.
             Slain by a chaos spawn (9 damage)
             ... summoned by a deep elf demonologist
             ... on level 3 of the Elven Halls on Dec 16, 2020.
             The game lasted 03:41:26 (32080 turns).

radhat240 the Severer (Minotaur Fighter)           Turns: 32080, Time: 03:41:27

Health: 0/173      AC: 42    Str: 35    XL:     18   Next: 38%
Magic:  17/17      EV:  8    Int:  5    God:    Makhleb [******]
Gold:   616        SH: 33    Dex: 14    Spells: 17/17 levels left

rFire    x . .     SeeInvis +   G - +9 war axe (vamp)
rCold    . . .     Gourm    .   S - +4 tower shield {AC+3}
rNeg     . . .     Faith    .   Q - +4 plate armour {MR+}
rPois    +         Spirit   .   p - +2 hat {SInv}
rElec    .         Reflect  +   P - +2 cloak
rCorr    .         Harm     .   t - +2 pair of gloves
MR       ++...     Rnd*Rage +   j - +2 pair of boots
Stlth    ..........             m - amulet of the Stag {Reflect rPois rF- Slay+2 SH+5}
HPRegen  0.38/turn              z - +6 ring of strength
MPRegen  0.15/turn              O - +4 ring of protection

@: berserk cooldown, slowed, lightly drained, very slow
A: retaliatory headbutt, claws 1, horns 2, talons 1, thin skeletal structure 1,
berserk 1, screaming 1, strong 1
}: 1/15 runes: decaying
a: Minor Destruction, Lesser Servant of Makhleb, Major Destruction, Greater
Servant of Makhleb, Renounce Religion


You were on level 3 of the Elven Halls.
You worshipped Makhleb.
Makhleb was exalted by your worship.
You were not hungry.

You visited 7 branches of the dungeon, and saw 32 of its levels.
You visited the Abyss 3 times.
You also visited: Sewer and Bailey.

You collected 3327 gold pieces.
You spent 2711 gold pieces at shops.

Inventory:

Hand Weapons
 c - the +5 battleaxe of Karma {speed, rElec rN+}
   (You bought it in a shop on level 1 of the Orcish Mines)

   Attacks with this weapon are significantly faster.
   It insulates you from electricity.
   It protects you from negative energy.
 G - a +9 vampiric war axe (weapon)
Missiles
 y - 10 javelins (quivered)
Armour
 j - a +2 pair of boots (worn)
 p - a +2 hat of see invisible (worn)
 r - +0 swamp dragon scales
 t - a +2 pair of gloves (worn)
 P - a +2 cloak (worn)
 Q - a +4 plate armour of magic resistance (worn)
 S - a +4 tower shield of protection (worn)
 W - +0 fire dragon scales
Jewellery
 g - an uncursed ring of protection from fire
 k - an uncursed amulet of regeneration
 m - the amulet of the Stag (around neck) {Reflect rPois rF- Slay+2 SH+5}
   (You bought it in a shop on level 1 of the Elven Halls)

   [amulet of reflection]

   It shields you and reflects attacks.
   It affects your accuracy and damage with ranged weapons and melee attacks
   (+2).
   It makes you vulnerable to fire.
   It protects you from poison.
   It affects your SH (+5).
 o - an uncursed amulet of inaccuracy
 z - a +6 ring of strength (left hand)
 H - an uncursed ring of protection from cold
 O - a +4 ring of protection (right hand)
 U - a +6 ring of intelligence
Wands
 u - a wand of flame (49)
 C - a wand of digging (5)
 V - a wand of clouds (3)
Scrolls
 a - a scroll of torment
 b - 2 scrolls of silence
 d - a scroll of summoning
 e - 8 scrolls of immolation
 n - 13 scrolls of teleportation
 q - a scroll of vulnerability
 s - 11 scrolls of remove curse
 x - 5 scrolls of identify
 D - 4 scrolls of fog
 F - 3 scrolls of noise
 K - a scroll of brand weapon
 N - 2 scrolls of holy word
 R - a scroll of enchant weapon
 T - 3 scrolls of magic mapping
Potions
 h - a potion of invisibility
 i - 6 potions of curing
 l - 2 potions of flight
 v - 7 potions of haste
 w - a potion of ambrosia
 A - 3 potions of magic
 B - 4 potions of might
 I - 11 potions of heal wounds
 M - 2 potions of resistance
 X - 5 potions of stabbing
 Y - 5 potions of lignification
Miscellaneous
 J - a tin of tremorstones (3/3)
 L - a lightning rod (4/4)
Comestibles
 f - 53 rations
 E - 2 chunks of flesh


   Skills:
 + Level 18.3(17.8) Fighting
 + Level 20.3(19.7) Axes
 - Level 0.6(0.2) Throwing
 + Level 19.2(18.6) Armour
 - Level 2.0(1.7) Dodging
 - Level 1.0(0.7) Stealth
 + Level 19.0(18.5) Shields


You had 17 spell levels left.
You didn't know any spells.
Your spell library contained the following spells:

 Spells                   Type           Power        Failure   Level  Hunger
 Animate Skeleton         Necr           N/A          99%         1    ##.....
 Apportation              Tloc           #.....       99%         1    ##.....
 Beastly Appendage        Tmut           #.....       99%         1    ##.....
 Corona                   Hex            #......      99%         1    ##.....
 Infusion                 Chrm           #...         99%         1    ##.....
 Sandblast                Erth           #.....       99%         1    ##.....
 Summon Small Mammal      Summ           #...         99%         1    ##.....
 Corpse Rot               Necr/Air       N/A          100%        2    ###....
 Ensorcelled Hibernation  Hex/Ice        #.....       100%        2    ###....
 Passwall                 Tmut/Erth      #.......     100%        2    ###....
 Shroud of Golubria       Chrm/Tloc      #.....       100%        2    ###....
 Song of Slaying          Chrm           #.......     100%        2    ###....
 Sticks to Snakes         Tmut           #.......     100%        2    ###....
 Swiftness                Chrm/Air       #.......     100%        2    ###....
 Ignite Poison            Fire/Tmut/Pois #.......     100%        3    ####...
 Ozocubu's Armour         Chrm/Ice       #.......     100%        3    ####...
 Spectral Weapon          Hex/Chrm       #.......     100%        3    ####...
 Spider Form              Tmut/Pois      #.........   100%        3    ####...
 Stone Arrow              Conj/Erth      #.....       100%        3    ####...
 Animate Dead             Necr           N/A          100%        4    #####..
 Cause Fear               Hex            #.........   100%        4    #####..
 Dispel Undead            Necr           #.......     100%        4    #####..
 Ice Form                 Ice/Tmut       #.......     100%        4    #####..
 Passage of Golubria      Tloc           N/A          100%        4    #####..
 Petrify                  Tmut/Erth      #.......     100%        4    #####..
 Agony                    Necr           #.......     100%        5    ######.
 Blade Hands              Tmut           #.........   100%        5    ######.
 Bolt of Magma            Conj/Fire/Erth #.........   100%        5    ######.
 Borgnjor's Vile Clutch   Necr/Erth      #.........   100%        5    ######.
 Fireball                 Conj/Fire      #.........   100%        5    ######.
 Iskenderun's Battlesphe  Conj/Chrm      #.......     100%        5    ######.
 Lee's Rapid Deconstruct  Erth           #.........   100%        5    ######.
 Metabolic Englaciation   Hex/Ice        #.........   100%        5    ######.
 Silence                  Hex/Air        #.........   100%        5    ######.
 Yara's Violent Unravell  Hex/Tmut       #.........   100%        5    ######.
 Darkness                 Hex            #.........   100%        6    #######
 Freezing Cloud           Conj/Ice/Air   #.........   100%        6    #######
 Invisibility             Hex            #.......     100%        6    #######
 Iron Shot                Conj/Erth      #.........   100%        6    #######
 Ozocubu's Refrigeration  Ice            #.........   100%        6    #######
 Shadow Creatures         Summ           N/A          100%        6    #######
 Simulacrum               Ice/Necr       #.........   100%        6    #######
 Starburst                Conj/Fire      #.........   100%        6    #######
 Orb of Destruction       Conj           #.........   100%        7    #######
 Ring of Flames           Chrm/Fire      #.........   100%        7    #######
 Spellforged Servitor     Conj/Summ      #.........   100%        7    #######
 Discord                  Hex            #.........   100%        8    #######
 Ignition                 Fire           #.........   100%        8    #######


Dungeon Overview and Level Annotations

Branches:
Dungeon (15/15)            Temple (1/1) D:6            Lair (6/6) D:9
  Swamp (4/4) Lair:3        Snake (0/4) Lair:2        Slime (0/5) Lair:5
    Orc (2/2) D:11            Elf (3/3) Orc:2        Vaults (1/5) D:14
 Depths (0/5) D:15          Sewer (visited)          Bailey (visited)

Altars:
Ashenzari
Cheibriados
Dithmenos
Elyvilon
Fedhas
Gozag
Hepliaklqana
Kikubaaqudgha
Makhleb
Nemelex Xobeh
Okawaru
Qazlal
Ru
Sif Muna
Trog
Uskayaw
Vehumet
Wu Jian
Xom
Yredelemnul
Zin
The Shining One
Jiyva

Shops:
D:12 [   D:13 [:   Orc:1 (   Orc:2 [:*(   Elf:1 ?[%=

Annotations:
D:5 Pikel


Innate Abilities, Weirdness & Mutations

You reflexively headbutt those who attack you in melee.
You have a pair of horns on your head.
You have sharp fingernails.
You have sharp toenails.
You have a somewhat thin skeletal structure. (Dex +2, Stealth)
You tend to lose your temper in combat.
You occasionally shout uncontrollably at your foes.
Your muscles are strong. (Str +2)


Message History

You block the chaos spawn's attack.
The deep elf demonologist mumbles some strange words.
You miss the chaos spawn. You headbutt the chaos spawn!
The chaos spawn is moderately wounded.
You miss the sixfirhy. You block the sixfirhy's attack. x2
The sixfirhy barely misses you. You furiously retaliate!
You headbutt the sixfirhy!
The Tzitzimitl calls on the powers of darkness!
The deep elf high priest convulses!
The deep elf demonologist convulses!
The deep elf high priest convulses!
The deep elf demonologist convulses!
The deep elf master archer convulses!
The deep elf high priest convulses!
The deep elf sorcerer convulses!
The deep elf master archer convulses!
The deep elf sorcerer convulses!
Your body is wracked with pain!
* * * LOW HITPOINT WARNING * * *
The deep elf mage convulses!
The deep elf mage mumbles some strange words.
The chaos spawn hits you.
* * * LOW HITPOINT WARNING * * *
You are engulfed in flames!
The fire burns you terribly!
You die...

#°..# #.. .
##°.e## . ###
..###..5x.###..
.25533Ee.e.....
#.e5534e.5.e..#
#11ee1ee..#
#.ee1.# ##4##
#.@3# #...#
#...#
##.#########
#.......#.##
######..##.##
###....##
##....##
#......##


You could see a Tzitzimitl (summoned, invisible), an Ice Fiend (summoned), 2
deep elf master archers, 2 deep elf sorcerers, a sun demon (summoned), 2 deep
elf demonologists, 3 deep elf high priests, a rust devil (summoned), a deep elf
mage (empowered), a sixfirhy (summoned), a smoke demon (summoned), a fire
elemental (summoned), a ynoxinul (summoned), a chaos spawn (summoned), 4 ufetubi
and a crawling corpse.

Vanquished Creatures
  the Lernaean hydra (Swamp:4)
  Rupert (Lair:4)
  A lich (Abyss:2)
  A deep elf master archer (Elf:3)
  2 deep elf blademasters (Elf:3)
  A tentacled starspawn (Abyss:2)
  Gastronok (D:11)
  3 thorn hunters
  An orc warlord (Orc:2)
  Louise (D:14)
  5 deep elf sorcerers
  2 deep elf elementalists (Elf:3)
  A very ugly thing (Swamp:1)
  7 deep elf demonologists
  5 deep elf annihilators
  Snorg (Lair:4)
  4 deep elf death magi (Elf:1)
  Harold (D:7)
  A fire dragon (D:14)
  2 deep elf high priests (Elf:3)
  Erolcha (D:9)
  23 hydras
  A vault guard (D:14)
  2 rakshasas (Abyss:2)
  Erica (D:9)
  A ghost crab (Swamp:4)
  A centaur warrior (D:13)
  A tengu warrior (D:15)
  13 alligators
  An ogre mage (D:10)
  3 shambling mangroves
  11 two-headed ogres
  20 dancing weapons
  A death yak (D:9)
  A hell hog (Abyss:2)
  3 thrashing horrors (Abyss:2)
  3 orc high priests (Orc:2)
  12 deep elf knights
  2 spriggans (Swamp:4)
  A wretched star (Abyss:2)
  Sonja (Orc:2)
  A titan skeleton (Abyss:1)
  A fire crab (shapeshifter) (D:15)
  A sixfirhy (Abyss:2)
  4 unseen horrors
  8 swamp dragons
  A glowing orange brain (Abyss:1)
  6 deep elf archers
  3 necromancers (Elf:1)
  A harpy (shapeshifter) (D:15)
  2 shining eyes (Abyss:2)
  5 orc knights (Orc:2)
  30 deep elf magi
  3 orc sorcerers (Orc:2)
  A fire giant zombie (Abyss:2)
  9 ugly things (D:15)
  2 cyclopes (D:12)
  2 manticores
  A black mamba (shapeshifter) (D:15)
  Joseph (D:8)
  A guardian serpent (shapeshifter) (D:15)
  2 black mambas (Lair:2)
  An apocalypse crab (Abyss:2)
  2 torpor snails
  A gargoyle (D:12)
  5 orange demons
  Psyche (D:9)
  27 spiny frogs
  6 centaur skeletons
  3 yaktaurs (D:15)
  2 smoke demons
  4 komodo dragons
  A redback zombie (D:14)
  2 rime drakes
  A freezing wraith (D:15)
  A hellwing (Abyss:2)
  2 ancient zymes (Abyss:2)
  3 red devils (D:13)
  3 tengu conjurers
  8 trolls
  3 meliai (D:14)
  7 slime creatures
  9 bog bodies
  14 tyrant leeches
  A raiju (shapeshifter) (D:15)
  23 blink frogs
  5 raiju (Abyss:2)
  7 hornets
  10 dream sheep
  7 hippogriffs
  7 large abominations
  A centaur simulacrum (D:14)
  4 air elementals
  60 yaks
  3 water elementals
  3 vampires
  A wraith (D:10)
  3 shadows
  6 basilisks
  A hog (shapeshifter) (D:15)
  4 wyverns
  A yak (shapeshifter) (D:15)
  A ynoxinul (Abyss:2)
  3 fire elementals
  A human (shapeshifter) (D:14)
  2 steam dragons
  3 neqoxecs
  2 hungry ghosts (D:11)
  30 vampire mosquitoes
  6 wargs (Orc:2)
  18 swamp worms
  21 water moccasins
  2 acid dragons
  4 insubstantial wisps (Swamp:4)
  A floating eye (shapeshifter) (D:15)
  9 porcupines
  3 sky beasts
  4 slaves (D:5)
  2 ice beasts
  12 swamp drakes
  40 orc warriors
  3 phantoms
  4 boggarts (D:15)
  A hornet zombie (D:15)
  2 black bears
  11 ogres
  An eye of draining (D:10)
  10 wolves (Lair:4)
  7 starcursed masses (Abyss:2)
  A necrophage (D:11)
  10 centaurs
  12 crocodiles
  An elf zombie (Elf:1)
  5 big kobolds
  2 wyvern zombies
  32 bullfrogs
  3 earth elementals
  A wyvern skeleton (D:10)
  3 scorpions
  A troll zombie (D:11)
  18 killer bees
  3 wights (D:14)
  2 electric eels
  A vampire bat (Lair:2)
  2 centaur zombies (D:11)
  10 crimson imps
  A jelly (D:5)
  7 quasits
  8 hounds
  21 orc wizards
  19 orc priests
  3 bullfrog skeletons
  A gnoll shaman (D:9)
  5 iguanas
  5 hell rats (Lair:5)
  9 worker ants
  3 small abominations
  7 ogre zombies (D:11)
  13 gnolls
  18 adders
  A howler monkey skeleton (D:10)
  A white imp (Abyss:2)
  2 shadow imps
  An ufetubus (Abyss:2)
  An ooze (D:2)
  2 adder skeletons
  5 worms
  4 dart slugs
  5 leopard geckos
  83 orcs
  6 ball pythons (Sewer)
  13 bats
  8 giant cockroaches
  22 goblins
  34 hobgoblins
  12 jackals
  8 frilled lizards
  A goblin skeleton (D:11)
  2 goblin zombies (D:11)
  A hobgoblin skeleton (D:11)
  3 hobgoblin zombies (D:11)
  21 kobolds
  A leopard gecko skeleton (D:5)
  A leopard gecko zombie (D:9)
  3 orc skeletons (D:11)
  15 orc zombies (D:11)
  12 rats
  A briar patch (Swamp:4)
  2 crawling corpses (Elf:3)
  39 fungi
  17 plants
  4 starspawn tentacles
1244 creatures vanquished.

Vanquished Creatures (collateral kills)
  2 two-headed ogres (D:15)
  An ogre mage (D:15)
  An ugly thing (D:15)
4 creatures vanquished.

Vanquished Creatures (others)
  A hydra (Swamp:4)
  A swamp dragon (Swamp:4)
  A large abomination (Elf:1)
  2 swamp drakes (Swamp:4)
  An orc warrior (Orc:2)
  3 briar patches
  25 fungi
  32 plants
  3 starspawn tentacles
69 creatures vanquished.

Grand Total: 1317 creatures vanquished

Notes
Turn   | Place    | Note
-------+----------+-------------------------------------------
     0 | D:1      | radhat240 the Minotaur Fighter began the quest for the Orb.
     0 | D:1      | Reached XP level 1. HP: 19/19 MP: 0/0
   206 | D:1      | Reached XP level 2. HP: 18/27 MP: 1/1
   371 | D:1      | Reached skill level 3 in Axes
   398 | D:1      | Reached XP level 3. HP: 16/33 MP: 2/2
  1126 | D:2      | Reached XP level 4. HP: 40/40 MP: 3/3
  1436 | D:2      | Found a radiant altar of Vehumet.
  1437 | D:2      | Found a basalt altar of Yredelemnul.
  1438 | D:2      | Found a shadowy altar of Dithmenos.
  1990 | D:3      | Reached skill level 4 in Axes
  1990 | D:3      | Reached skill level 1 in Dodging
  1992 | D:3      | Reached XP level 5. HP: 26/46 MP: 4/4
  2440 | D:4      | Reached skill level 5 in Armour
  2957 | D:4      | Noticed a moth of wrath
  2960 | D:4      | Found a bloodstained altar of Trog.
  3045 | D:5      | Entered Level 5 of the Dungeon
  3055 | D:5      | Reached skill level 5 in Axes
  3055 | D:5      | Reached XP level 6. HP: 53/53 MP: 5/5
  3154 | D:5      | Reached skill level 5 in Shields
  3255 | D:5      | Noticed an ice beast
  3260 | D:5      | Killed an ice beast
  3260 | D:5      | Reached skill level 6 in Axes
  3260 | D:5      | Reached XP level 7. HP: 46/60 MP: 6/6
  3567 | D:5      | Noticed Pikel
  3977 | D:6      | Found a staircase to the Ecumenical Temple.
  3995 | D:6      | Found a glowing drain.
  4023 | Sewer    | Entered a sewer
  4781 | D:6      | Reached skill level 7 in Axes
  4864 | D:6      | Found a shattered altar of Ashenzari.
  4955 | Temple   | Entered the Ecumenical Temple
  5099 | Temple   | Became a worshipper of Makhleb the Destroyer
  5137 | D:6      | Reached XP level 8. HP: 6/67 MP: 7/7
  5539 | D:6      | Found an ancient bone altar of Kikubaaqudgha.
  5561 | D:6      | Reached skill level 8 in Axes
  5561 | D:6      | Reached skill level 1 in Stealth
  5766 | D:7      | Noticed Harold
  5792 | D:7      | Killed Harold
  5792 | D:7      | Reached skill level 5 in Fighting
  5792 | D:7      | Reached skill level 9 in Axes
  5792 | D:7      | Reached XP level 9. HP: 35/74 MP: 8/8
  6209 | D:7      | Found a sacrificial altar of Ru.
  6255 | D:7      | Found a white marble altar of Elyvilon.
  6900 | D:8      | Noticed Joseph
  6912 | D:8      | Killed Joseph
  6921 | D:8      | Found a flagged portal.
  6921 | D:8      | Noticed a two-headed ogre
  6921 | D:8      | Noticed a two-headed ogre
  6932 | Bailey   | Entered a bailey
  6973 | Bailey   | Reached * piety under Makhleb
  6996 | Bailey   | Reached skill level 10 in Axes
  7145 | Bailey   | Reached ** piety under Makhleb
  7208 | Bailey   | Noticed an orc knight
  7208 | Bailey   | Noticed an orc warlord
  7208 | Bailey   | Noticed an orc knight
  7506 | D:7      | Identified 2 scrolls of acquirement
  7506 | D:7      | Acquired a +1 hat of see invisible
  7515 | D:7      | Acquired a manual of Ice Magic
  7570 | D:8      | Killed a two-headed ogre
  7570 | D:8      | Reached skill level 11 in Axes
  7570 | D:8      | Reached XP level 10. HP: 51/86 MP: 9/9
  7576 | D:8      | Killed a two-headed ogre
  7666 | D:8      | Reached *** piety under Makhleb
  7674 | D:8      | Reached skill level 10 in Armour
  8130 | D:9      | Noticed Erica
  8134 | D:9      | Noticed Psyche
  8137 | D:9      | Killed Erica
  8137 | D:9      | Reached skill level 12 in Axes
  8142 | D:9      | Killed Psyche
  8142 | D:9      | Reached skill level 10 in Shields
  8330 | D:9      | Noticed a death yak
  8339 | D:9      | Found a staircase to the Lair.
  8373 | D:9      | Noticed Erolcha
  8377 | D:9      | Paralysed by Erolcha for 6 turns
  8388 | D:9      | Killed Erolcha
  8388 | D:9      | Reached XP level 11. HP: 95/95 MP: 10/10
  8396 | D:9      | Killed a death yak
  8573 | D:9      | Found a snail-covered altar of Cheibriados.
  9153 | D:10     | Entered Level 10 of the Dungeon
  9214 | D:10     | Reached skill level 13 in Axes
  9241 | D:10     | Reached **** piety under Makhleb
  9448 | D:10     | Noticed an unseen horror
  9456 | D:10     | Killed an unseen horror
  9458 | D:10     | Noticed a deep elf mage
  9459 | D:10     | Noticed an ogre mage
  9474 | D:10     | Killed a deep elf mage
  9484 | D:10     | Killed an ogre mage
 10002 | D:11     | Noticed a two-headed ogre
 10271 | D:11     | Reached ***** piety under Makhleb
 10332 | D:11     | Reached XP level 12. HP: 95/106 MP: 11/11
 10334 | D:11     | Reached skill level 10 in Fighting
 10334 | D:11     | Reached skill level 14 in Axes
 10413 | D:11     | Noticed a two-headed hydra
 10429 | D:11     | Killed a 13-headed hydra
 10465 | D:11     | Killed a two-headed ogre
 10492 | D:11     | Found a staircase to the Orcish Mines.
 10738 | D:11     | Noticed Gastronok
 10751 | D:11     | Killed Gastronok
 10897 | D:11     | Reached ****** piety under Makhleb
 11197 | D:12     | Found Futronu's Armour Boutique.
 11203 | D:12     | Bought a +0 tower shield of protection for 149 gold pieces
 11351 | D:12     | Noticed a two-headed ogre
 11358 | D:12     | Killed a two-headed ogre
 11380 | D:12     | You fall into a shaft and drop 2 floors!
 11483 | D:14     | Reached skill level 15 in Axes
 11661 | D:13     | Noticed a two-headed ogre
 11666 | D:13     | Killed a two-headed ogre
 11666 | D:13     | Reached XP level 13. HP: 116/116 MP: 12/12
 11682 | D:13     | Found Kot Dyt's Antique Armour Shoppe.
 12010 | D:12     | Found an opulent altar of Gozag.
 13016 | D:13     | Found Emyit's Book Boutique.
 13137 | D:14     | Noticed a fire dragon
 13142 | D:14     | Killed a fire dragon
 13578 | D:14     | Found a gate to the Vaults.
 13684 | D:14     | Noticed Louise
 13696 | D:14     | Killed Louise
 14062 | D:15     | Entered Level 15 of the Dungeon
 14094 | D:15     | Found a shimmering altar of Xom.
 14212 | D:15     | Reached skill level 16 in Axes
 14247 | D:15     | Reached XP level 14. HP: 129/129 MP: 13/13
 14267 | D:15     | Found a staircase to the Depths.
 14779 | D:15     | Found the +10 Black Knight's horse barding {ponderous,
                  | rPois rN+}
 15225 | Lair:1   | Entered Level 1 of the Lair of Beasts
 16034 | Lair:2   | Found a staircase to the Snake Pit.
 16045 | Lair:2   | Reached skill level 15 in Armour
 16803 | Lair:3   | Reached skill level 15 in Shields
 16961 | Lair:3   | Found a staircase to the Swamp.
 18233 | Lair:4   | Noticed Snorg
 18243 | Lair:4   | Killed Snorg
 18243 | Lair:4   | Reached skill level 17 in Axes
 18333 | Lair:4   | Noticed Rupert
 18355 | Lair:4   | Killed Rupert
 18355 | Lair:4   | Reached XP level 15. HP: 118/139 MP: 14/14
 18679 | Lair:5   | Found a staircase to the Slime Pits.
 18681 | Lair:5   | Found a viscous altar of Jiyva.
 19500 | Lair:6   | Entered Level 6 of the Lair of Beasts
 20092 | Lair:6   | Reached skill level 15 in Fighting
 21307 | Swamp:1  | Entered Level 1 of the Swamp
 21983 | Swamp:2  | Noticed a thorn hunter
 21999 | Swamp:2  | Killed a thorn hunter
 22258 | Swamp:2  | Reached skill level 18 in Axes
 22982 | Swamp:3  | Reached XP level 16. HP: 149/149 MP: 15/15
 23318 | Swamp:3  | Noticed a thorn hunter
 23352 | Swamp:3  | Killed a thorn hunter
 23895 | Swamp:4  | Entered Level 4 of the Swamp
 24845 | Swamp:4  | Noticed a thorn hunter
 24866 | Swamp:4  | Killed a thorn hunter
 25192 | Swamp:4  | Noticed the 27-headed Lernaean hydra
 25444 | Swamp:4  | Killed the 27-headed Lernaean hydra
 25944 | Swamp:4  | Got a decaying rune of Zot
 26462 | Vaults:1 | Entered Level 1 of the Vaults
 26565 | Orc:1    | Entered Level 1 of the Orcish Mines
 26565 | Orc:1    | Found Detay's Antique Weapon Shop.
 26661 | Orc:1    | Bought a brightly glowing battleaxe for 276 gold pieces
 26666 | Orc:1    | Identified the +5 battleaxe of Karma {speed, rElec rN+}
                  | (You bought it in a shop on level 1 of the Orcish Mines)
 26851 | Orc:2    | Entered Level 2 of the Orcish Mines
 26860 | Orc:2    | Found Itubi Vaug's Antique Weapon Boutique.
 26926 | Orc:2    | Bought a glowing broad axe for 175 gold pieces
 27000 | Orc:2    | Found Laopot's Antique Armour Shop.
 27071 | Orc:2    | Bought a runed tower shield for 187 gold pieces
 27071 | Orc:2    | Bought a pair of glowing gloves for 187 gold pieces
 27071 | Orc:2    | Bought a glowing plate armour for 650 gold pieces
 27150 | Orc:2    | Found a staircase to the Elven Halls.
 27161 | Orc:2    | Noticed Sonja
 27176 | Orc:2    | Cast into level 1 of the Abyss (Sonja)
 27176 | Abyss:1  | Found a corrupted altar of Lugonu.
 27318 | Abyss:1  | Noticed a tentacled starspawn
 27383 | Abyss:2  | Gained mutation: Your spells are a little easier to cast,
                  | but a little less powerful. [a shining eye]
 27386 | Abyss:2  | Reached skill level 19 in Axes
 27561 | Abyss:2  | Gained mutation: Your magical capacity is low. (-10% MP) [a
                  | shining eye]
 27574 | Abyss:2  | Gained mutation: You are dopey. (Int -2) [a shining eye]
 27620 | Abyss:2  | Reached XP level 17. HP: 160/160 MP: 14/14
 27709 | Orc:2    | Escaped the Abyss
 27711 | Orc:2    | Killed Sonja
 27804 | Orc:2    | Found Wenne's Book Shoppe.
 27980 | Orc:2    | Found Qibux's General Store.
 27988 | Orc:2    | Bought a scroll of identify for 34 gold pieces
 27988 | Orc:2    | Bought a scroll of enchant weapon for 127 gold pieces
 28525 | Elf:1    | Entered Level 1 of the Elven Halls
 28598 | Elf:1    | Identified Fumit's Volume of Evil
 28919 | Elf:1    | Noticed a Hell Sentinel
 28928 | Elf:1    | Cast into level 2 of the Abyss (a deep elf demonologist)
 28963 | Elf:1    | Escaped the Abyss
 28964 | Elf:1    | Noticed a Hell Sentinel
 29377 | Elf:1    | Found Etasomarph's Antique Armour Shop.
 29380 | Elf:1    | Found Umuxaa Wiam's Jewellery Boutique.
 29380 | Elf:1    | Found Noull's Magic Scroll Shop.
 29381 | Elf:1    | Cast into level 2 of the Abyss (+5 trident of distortion)
 29501 | Abyss:2  | Found a corrupted altar of Lugonu.
 29632 | Abyss:2  | Lost mutation: Your spells are a little easier to cast, but
                  | a little less powerful. [potion of mutation]
 29632 | Abyss:2  | Gained mutation: You occasionally shout uncontrollably at
                  | your foes. [potion of mutation]
 29632 | Abyss:2  | Gained mutation: You have sharp fingernails. [potion of
                  | mutation]
 29632 | Abyss:2  | Gained mutation: You are clumsy. (Dex -2) [potion of
                  | mutation]
 29632 | Abyss:2  | Gained mutation: You have sharp toenails. [potion of
                  | mutation]
 29633 | Abyss:2  | Lost mutation: You are clumsy. (Dex -2) [potion of
                  | mutation]
 29633 | Abyss:2  | Lost mutation: You have sharp toenails. [potion of
                  | mutation]
 29633 | Abyss:2  | Gained mutation: You have a pair of large horns on your
                  | head. [potion of mutation]
 29633 | Abyss:2  | Gained mutation: Your muscles are strong. (Str +2) [potion
                  | of mutation]
 29634 | Abyss:2  | Lost mutation: You occasionally shout uncontrollably at
                  | your foes. [potion of mutation]
 29634 | Abyss:2  | Lost mutation: Your magical capacity is low. (-10% MP)
                  | [potion of mutation]
 29634 | Abyss:2  | Lost mutation: You are dopey. (Int -2) [potion of mutation]
 29634 | Abyss:2  | Lost mutation: You have a pair of large horns on your head.
                  | [potion of mutation]
 29634 | Abyss:2  | Gained mutation: You tend to lose your temper in combat.
                  | [potion of mutation]
 29634 | Abyss:2  | Gained mutation: You are robust. (+10% HP) [potion of
                  | mutation]
 29634 | Abyss:2  | Gained mutation: Your spells are a little harder to cast,
                  | but a little more powerful. [potion of mutation]
 29634 | Abyss:2  | Gained mutation: You have sharp toenails. [potion of
                  | mutation]
 29640 | Abyss:2  | Lost mutation: You are robust. (+10% HP) [potion of
                  | mutation]
 29640 | Abyss:2  | Lost mutation: Your spells are a little harder to cast, but
                  | a little more powerful. [potion of mutation]
 29640 | Abyss:2  | Gained mutation: Your muscles are very strong. (Str +4)
                  | [potion of mutation]
 29640 | Abyss:2  | Lost mutation: Your muscles are very strong. (Str +4)
                  | [potion of mutation]
 29640 | Abyss:2  | Gained mutation: You occasionally shout uncontrollably at
                  | your foes. [potion of mutation]
 29640 | Abyss:2  | Gained mutation: You have a somewhat thin skeletal
                  | structure. (Dex +2, Stealth) [potion of mutation]
 29649 | Abyss:2  | Noticed a lich
 29657 | Abyss:2  | Killed a lich
 29729 | Elf:1    | Escaped the Abyss
 29736 | Elf:1    | Found Iteawnull's Food Boutique.
 29780 | Elf:1    | Bought the amulet of the Stag {Reflect rPois rF- Slay+2
                  | SH+5} for 511 gold pieces
 29788 | Elf:1    | Bought a scroll of teleportation for 39 gold pieces
 29788 | Elf:1    | Bought a scroll of teleportation for 39 gold pieces
 29788 | Elf:1    | Bought a scroll of enchant armour for 97 gold pieces
 29788 | Elf:1    | Bought a scroll of identify for 26 gold pieces
 29788 | Elf:1    | Bought a scroll of enchant armour for 97 gold pieces
 29788 | Elf:1    | Bought 3 scrolls of teleportation for 117 gold pieces
 30155 | Elf:2    | Found a huge runed translucent gate.
 30155 | Elf:2    | Found a huge runed translucent gate.
 30155 | Elf:2    | Found a huge runed translucent gate.
 30156 | Elf:2    | Found a huge runed translucent gate.
 30158 | Elf:2    | Found a huge runed translucent gate.
 30928 | Elf:2    | Reached XP level 18. HP: 171/171 MP: 17/17
 30945 | Elf:2    | Reached skill level 20 in Axes
 31305 | Elf:3    | Entered Level 3 of the Elven Halls
 31426 | Elf:3    | Found a huge runed gate.
 31426 | Elf:3    | Found a huge runed gate.
 31426 | Elf:3    | Found a huge runed gate.
 31430 | Elf:3    | Found a huge runed gate.
 31431 | Elf:3    | Found a huge runed gate.
 31448 | Elf:3    | Found a huge runed gate.
 31449 | Elf:3    | Found a huge runed gate.
 31468 | Elf:3    | Noticed an Ice Fiend
 32058 | Elf:3    | Noticed a Tzitzimitl
 32058 | Elf:3    | Noticed a Tzitzimitl
 32067 | Elf:3    | Noticed a Hell Sentinel
 32077 | Elf:3    | Noticed an Ice Fiend
 32080 | Elf:3    | Slain by a chaos spawn

Illustrated notes

Levels and vault maps discovered:
D:1:      dpeg_arrival_snail, layout_basic
D:2:      layout_basic, chequers_temple_overflow_statue_of_worship,
          minmay_hedge_maze, minmay_misc_feat_five
D:3:      layout_basic
D:4:      layout_loops_ring, tgw_trog, first_ration, minmay_distorted
D:5:      layout_basic, kennysheep_nub, minmay_fractal_squares_diagonal_5,
          uniq_pikel
D:6:      layout_loops_ring, kennysheep_mini_moat,
          minmay_temple_entry_overgrown, gup_sewer_entry_glass,
          cheibrodos_ashenzari_chains
D:7:      layout_layer_cave, nicolae_overflow_crystal_walls,
          lemuel_doored_altar, uniq_harold
D:8:      layout_rooms, enter_bailey_6, uniq_joseph
D:9:      layout_layer_cave, cheibriados_altar_1, david_lair_generic,
          uniq_psyche, uniq_erica, uniq_erolcha
D:10:     minmay_slanted_spiral_squares, layout_loops_ring
D:11:     layout_long_grid, zombieorc2_lemuel, hangedman_ranch
          [blue_anna_fruit_fields], uniq_gastronok
D:12:     layout_loops_ring, serial_shops, shop, chequers_avenue,
          nicolae_gozag_seed_capital
D:13:     layout_basic, serial_shops, shop, nicolae_shop_crystal,
          minmay_beelzebubs_servants
D:14:     layout_grid_maze, david_vaults_5, minmay_misc_feat_room, uniq_louise
D:15:     gammafunk_enter_depths_forms, layout_stronghold,
          corexii_hall_statues_i, basic_altar
Temple:   eino_narrow_crystal_temple
Lair:1:   layout_loops_ring, infiniplex_staircase_pool
Lair:2:   layout_loops_ring, minmay_snake_entry_six_corridors, roderic_batcave
Lair:3:   layout_loops_ring, nicolae_swamp_entry_splash_gauntlet,
          grunt_megastairs_5, lemuel_fruit_tree
Lair:4:   layout_cellular_growth, kennysheep_catoblepas_arena, uniq_snorg,
          uniq_rupert
Lair:5:   layout_cave_pods, slime_altar_1, beast_lair_carwin_9,
          grunt_megastairs_1
Lair:6:   minmay_lair_end_frog_pond, layout_layer_cave
Swamp:1:  layout_falls_marsh, evilmike_swamp_ruin_rubble_2
Swamp:2:  layout_falls_marsh, hangedman_swamp_ruin_hall
Swamp:3:  layout_falls_marsh, nicolae_swamp_dense_foliage, swamp_pool4
Swamp:4:  swamp_old_school, layout_basic_swamp
Orc:1:    layout_caves, serial_shops, nicolae_shop_statue_plus
Orc:2:    grunt_orc_gardens, layout_caves, grunt_orc_garden, grunt_orc_garden,
          grunt_orc_garden, grunt_orc_garden, uniq_sonja
Elf:1:    layout_geoelf_diagonals, minmay_elf_necromancy, nooodl_food_tri,
          minmay_shoptagon
Elf:2:    layout_geoelf_octagon
Elf:3:    minmay_elf_hall_not_hex, layout_rooms, door_vault
Vaults:1: v_rooms_4, nicolae_vaults_network_square, v_pattern_3,
          hangedman_vaults_nails, nicolae_vaults_border_crossing,
          vaults_dpeg_hooks, layout_vaults_omnigrid

Skill      XL: |  1  2  3  4  5  6  7  8  9 10 11 12 13 14 15 16 17 18 |
---------------+-------------------------------------------------------+-----
Armour         | 4 5 6 8 9 10 11 13 14 15 16 17 18 19 | 19.2
Axes           | 3 4 5 6 7 9 11 12 13 15 16 17 18 19 20 | 20.3
Shields        | 4 5 6 7 9 10 11 12 14 15 16 17 18 19 | 19.0
Fighting       | 4 5 7 8 9 11 13 14 15 16 17 18 | 18.3
Dodging        | 1 2 |  2.0
Stealth        | 1 |  1.0
Throwing       | |  0.6

Action                   |  1- 3 |  4- 6 |  7- 9 | 10-12 | 13-15 | 16-18 || total
-------------------------+-------+-------+-------+-------+-------+-------++-------
Melee: War axe           |   104 |   124 |   414 |   560 |  1201 |  1048 ||  3451
       Headbutt          |    16 |    21 |    81 |   147 |   292 |   312 ||   869
Throw: Javelin           |       |       |     2 |       |     3 |     3 ||     8
       Dart              |       |       |     1 |       |       |       ||     1
Evoke: Wand              |       |       |       |       |     2 |     2 ||     4
       Lightning rod     |       |       |       |       |     1 |       ||     1
  Use: Scroll            |     1 |       |    20 |    10 |    28 |    15 ||    74
       Potion            |       |     1 |       |       |     2 |    19 ||    22
 Stab: Distracted        |       |       |       |       |     1 |     1 ||     2
       Confused          |       |       |       |       |       |     1 ||     1
       Petrifying        |       |       |       |       |       |     1 ||     1
       Petrified         |       |       |       |       |       |     1 ||     1
  Eat: Chunk             |     1 |     3 |     8 |    10 |    19 |    13 ||    54
       Ration            |       |     1 |     2 |     2 |     6 |     5 ||    16
Armor: Scale mail        |    52 |    51 |     2 |       |       |       ||   105
       Plate armour      |       |       |   163 |   295 |   715 |   881 ||  2054
Dodge: Dodged            |    33 |    39 |    74 |   140 |   239 |   298 ||   823
Block: Kite shield       |    49 |    69 |   217 |   282 |       |       ||   617
       Tower shield      |       |       |       |   125 |  1295 |  1195 ||  2615
       Reflection        |       |       |       |       |       |    21 ||    21
